 Dungeon Crawl Stone Soup version 0.31-a0-1522-g43313d8a59 (webtiles) character file.

Game seed: 17053535974714411153

20247 croobank the Covert (level 12, -9/121 HPs)
             Began as an Octopode Summoner on Dec 30, 2023.
             Was an Initiate of Gozag.
             Mangled by a centaur warrior
             ... wielding the +5 long sword of Extremism {flame, +Blink}
              (17 damage)
             ... on level 11 of the Dungeon.
             The game lasted 01:14:41 (16567 turns).

croobank the Covert (Octopode Summoner)            Turns: 16567, Time: 01:14:41

Health: -9/121     AC:  8    Str:  8    XL:     12   Next: 77%
Magic:  0/22       EV: 16    Int: 22    God:    Gozag
Gold:   1511       SH:  0    Dex: 12    Spells: 11/25 levels left

rFire   . . .        p - +5 trident (protect)
rCold   . . .        (no shield)
rNeg    + . .        (helmet restricted)
rPois   .            j - amulet of guardian spirit
rElec   .            t - ring of positive energy
rCorr   .            (no ring)
SInv    .            (no ring)
Will    .....        (no ring) Stlth
                     (no ring)
HPRegen 0.40/turn    (no ring)
MPRegen 0.18/turn    (no ring)
                     (no ring)

%: guardian spirit
@: berserking (expiring), under a protective aura, very quick
A: almost no armour, amphibious, 8 rings, camouflage 1, gelatinous body 1,
(nimble swimmer 1), tentacles
a: Renounce Religion, Potion Petition, Call Merchant, Bribe Branch


You were on level 11 of the Dungeon.
You worshipped Gozag.
Gozag was most pleased with you.
You visited 2 branches of the dungeon, and saw 12 of its levels.

You collected 2110 gold pieces.
You spent 130 gold pieces at shops.
You paid 469 gold pieces to Gozag.

Inventory:

Hand Weapons
 b - a +0 flail of holy wrath
 d - a +0 halberd of venom
 e - a +3 dagger of freezing
 g - a +1 war axe of flaming
 l - a +5 falchion
 p - a +5 trident of protection (weapon)
 q - a +4 morningstar
 r - a +4 spear of distortion
 A - a +2 mace of holy wrath
 C - the +3 hand axe of Takisaem {elec, rPois rCorr Stlth+}
   (You found it on level 9 of the Dungeon)

   rPois:     It protects you from poison rCorr: It protects you from acid and
   corrosion.
   Stlth+:    It makes you more stealthy.
 H - a +1 trident of distortion
 J - a +5 flail
 L - a +0 arbalest
 M - a +2 scimitar of flaming
Missiles
 f - 24 poisoned darts (quivered)
Armour
 y - a +2 kite shield
 z - a +0 robe
Magical Staves
 I - a staff of fire
Jewellery
 a - an amulet of regeneration
 j - an amulet of guardian spirit (around mantle)
 t - a ring of positive energy (left tentacle)
Wands
 x - a wand of polymorph (5)
Scrolls
 c - 2 scrolls of noise
 h - a scroll of fear
 i - 5 scrolls of teleportation
 n - a scroll of immolation
 o - 2 scrolls of revelation
 s - a scroll of amnesia
 B - a scroll of blinking
 D - 5 scrolls of fog
 E - a scroll of silence
 F - 4 scrolls of identify
 G - a scroll of vulnerability
 K - a scroll of enchant armour
Potions
 k - 2 potions of attraction
 m - 2 potions of haste
 u - 2 potions of curing
 v - 4 potions of enlightenment
 w - a potion of mutation


   Skills:
 + Level 7.3 Fighting
 + Level 6.6 Polearms
 + Level 7.9 Dodging
 + Level 10.9 Stealth
 + Level 7.0 Spellcasting
 + Level 8.4 Summonings
 * Level 8.3 Fire Magic
 - Level 7.0 Air Magic


You had 11 spell levels left.
You knew the following spells:

 Your Spells              Type           Power      Damage    Failure   Level
a - Summon Small Mammal   Summ           100%       N/A       1%          1
b - Call Imp              Summ           90%        N/A       1%          2
c - Call Canine Familiar  Summ           45%        N/A       1%          3
d - Summon Blazeheart Go  Fire/Summ      44%        N/A       2%          4
e - Summon Lightning Spi  Summ/Air       41%        N/A       3%          4

Your spell library contained the following spells:

 Spells                   Type           Power      Damage    Failure   Level
 Freeze                   Ice            28%        1d5       9%          1
 Magic Dart               Conj           28%        1d4       9%          1
 Ensorcelled Hibernation  Hex/Ice        14%        N/A       12%         2
 Searing Ray              Conj           14%        2d5       12%         2
 Frozen Ramparts          Ice            14%        1d3       24%         3
 Fugue of the Fallen      Necr           7%         N/A       24%         3
 Anguish                  Hex/Necr       3%         N/A       63%         4
 Fulminant Prism          Conj/Alch      3%         3d5       63%         4
 Haunt                    Necr/Summ      13%        N/A       100%        7
 Borgnjor's Revivificati  Necr           3%         N/A       100%        8
 Ignition                 Fire           22%        3d8       100%        8
 Death's Door             Necr           3%         N/A       100%        9


Dungeon Overview and Level Annotations

Branches:
Dungeon (11/15)            Temple (1/1) D:6            Lair (0/5) D:11
    Orc (0/2) D:10

Altars:
Ashenzari
Cheibriados
Dithmenos
Elyvilon
Fedhas
Gozag
Hepliaklqana
Kikubaaqudgha
Makhleb
Nemelex Xobeh
Okawaru
Qazlal
Ru
Sif Muna
Trog
Uskayaw
Vehumet
Wu Jian
Xom
Yredelemnul
Zin
The Shining One

Shops:
D:1 *

Annotations:
D:11 2 runed translucent doors


Innate Abilities, Weirdness & Mutations

You cannot wear most types of armour.
You are amphibious.
You can wear up to eight rings at the same time.
Your skin changes colour to match your surroundings (Stealth+).
Your rubbery body absorbs attacks. (AC +1, EV +1)
((You are camouflaged when in or above water. (Stealth+)))
You have tentacles for arms and can constrict up to eight enemies at once.


Message History

Okay, then. [a] - 322 gold - resistance and might [b] - 624 gold - curing, magic, haste and enlightenment [c] - 377 gold - heal wounds, curing and berserk rage Purchase which effect?
You feel much better.
You feel better.
A red film seems to cover your vision as you go berserk!
You feel yourself moving faster!
You feel mighty!
The centaur warrior shoots an arrow.
The arrow hits you!!
The centaur warrior shoots an arrow.
The arrow hits you!!
You feel a strong urge to attack something.
The centaur warrior shoots an arrow.
The arrow hits you!
* * * LOW HITPOINT WARNING * * *
The centaur warrior unwields a +0 orcbow.
The centaur warrior wields the +5 long sword of Extremism {flame, +Blink}.
It bursts into flame!
The centaur warrior hits you with the +5 long sword of Extremism {flame, +Blink}!
* * * LOW HITPOINT WARNING * * *
The centaur warrior burns you.
* * * LOW HITPOINT WARNING * * *
The centaur warrior kicks you.
* * * LOW HITPOINT WARNING * * *
You closely miss the centaur warrior.
Your squeeze misses the centaur warrior.
The centaur warrior misses you. The centaur warrior kicks you.
* * * LOW HITPOINT WARNING * * *
You puncture the centaur warrior!
Your weapon exudes an aura of protection.
You squeeze the centaur warrior.
The centaur warrior is moderately wounded.
The centaur warrior hits you with the +5 long sword of Extremism {flame, +Blink}.
* * * LOW HITPOINT WARNING * * *
The centaur warrior burns you.
* * * LOW HITPOINT WARNING * * *
The centaur warrior barely misses you.
You hit the centaur warrior. You squeeze the centaur warrior.
The centaur warrior is heavily wounded.
The centaur warrior hits you with the +5 long sword of Extremism {flame, +Blink}!
You die...
Your body crumbles into a pile of gold.

.##..######.#.####...#.# #.......
.#.########'##..####...# #.......
.#.#####.)..##.##.####.. #.......
.##....())).##(#....## # #.......
.#######)...##..###..# # #.......
.# #####'#####..###.. #....... .#
#####.###..###..####....... .#
##.#.###..###.......... .#
##8#@c###............ .#
#..###.............. .#
u......###....[.......#### .#
[#######..............#... .#
###.................#... .#
###..........<........#... .#
###.....................#.[.
.#####.......................#...
.............................#...


You could see a centaur warrior.

Vanquished Creatures
  An ogre mage (D:11)
  A centaur warrior (D:11)
  A boulder beetle (D:11)
  3 two-headed ogres
  5 death yaks (D:11)
  2 ugly things (D:11)
  2 cyclopes
  A manticore (D:7)
  A yaktaur (D:11)
  A kobold demonologist (D:11)
  2 freezing wraiths (D:11)
  4 trolls
  A hornet (D:9)
  A shadow (D:11)
  3 wraiths
  A wyvern (D:9)
  4 yaks (D:10)
  A basilisk (D:11)
  Grum (D:8)
  A warg (D:10)
  3 vampire mosquitoes
  Edmund (D:6)
  2 water moccasins
  2 nameless horrors (D:7)
  Duvessa (D:5)
  2 ice beasts (D:7)
  3 orc warriors
  4 sky beasts (D:7)
  3 wolves
  A phantom (D:5)
  A centaur (D:11)
  Blork the orc (D:5)
  3 kobold brigands (D:11)
  2 bullfrogs
  A scorpion (D:7)
  2 gnoll sergeants (D:7)
  4 wights
  5 killer bees
  An electric eel (D:7)
  2 howler monkeys
  2 gnoll boudas
  2 sleepcaps (D:7)
  Natasha (D:2)
  2 iguanas
  3 orc wizards
  12 gnolls
  2 adders (D:4)
  A white imp (D:7)
  A dart slug (D:2)
  2 ribbon worms
  10 orcs
  4 bats
  4 endoplasms
  2 giant cockroaches
  6 goblins
  9 hobgoblins
  4 jackals (D:1)
  4 kobolds
  5 quokkas
  2 training dummies (D:5)
  5 ball pythons
  A frilled lizard (D:2)
  A rat (D:2)
166 creatures vanquished.

Vanquished Creatures (collateral kills)
  A cyclops (D:11)
  2 gargoyles
  A cane toad (shapeshifter) (D:11)
  An efreet (D:11)
  A troll (D:11)
  2 shadows (D:11)
  A yak (D:10)
  2 steam dragons
  An acid dragon (D:6)
  3 orc warriors
  A sky beast (D:6)
  2 ice beasts (D:6)
  A tengu (D:7)
  A wolf (D:8)
  A nameless horror (D:10)
  A kobold brigand (D:7)
  A bullfrog (D:7)
  A scorpion (D:6)
  6 wights
  Dowan (D:5)
  5 killer bees
  An electric eel (D:7)
  2 howler monkeys (D:8)
  3 jellies
  A sleepcap (D:5)
  Natasha (D:2)
  An iguana (D:6)
  5 orc wizards
  9 gnolls
  7 adders
  2 white imps
  The ghost of bungle the Covert, a weakling GnDe (D:6)
  A dart slug (D:2)
  3 ribbon worms
  28 orcs
  3 ball pythons
  2 bats (D:1)
  3 endoplasms
  2 giant cockroaches (D:1)
  6 goblins
  4 hobgoblins
  A jackal (D:1)
  3 quokkas
  9 frilled lizards (D:2)
  8 kobolds
  2 rats (D:1)
144 creatures vanquished.

Vanquished Creatures (others)
  A centaur simulacrum (D:11)
  43 blazeheart cores
44 creatures vanquished.

Grand Total: 354 creatures vanquished

Notes
Turn   | Place    | Note
-------+----------+-------------------------------------------
     0 | D:1      | croobank the Octopode Summoner began the quest for the Orb.
     0 | D:1      | Reached XP level 1. HP: 11/11 MP: 3/3
     3 | D:1      | Noticed an electric eel
     4 | D:1      | Noticed an electric eel
   181 | D:1      | Reached skill level 3 in Stealth
   187 | D:1      | Reached XP level 2. HP: 17/17 MP: 3/5
   191 | D:1      | Learned a level 2 spell: Call Imp
   620 | D:1      | Found Quzod's General Store.
   642 | D:1      | Bought a potion of degeneration for 13 gold pieces
   762 | D:1      | Reached XP level 3. HP: 22/22 MP: 6/6
   933 | D:1      | Found a faded altar of an unknown god.
  1556 | D:2      | Noticed Natasha
  1569 | D:2      | Learned a level 3 spell: Call Canine Familiar
  1584 | D:2      | Killed Natasha
  1585 | D:2      | Reached skill level 1 in Fighting
  1585 | D:2      | Reached XP level 4. HP: 24/28 MP: 1/7
  1847 | D:2      | Reached skill level 4 in Stealth
  1869 | D:2      | L
  2142 | D:2      | Noticed Natasha
  2163 | D:2      | Reached XP level 5. HP: 33/33 MP: 1/9
  2169 | D:2      | Killed Natasha
  3284 | D:3      | Reached XP level 6. HP: 39/39 MP: 2/10
  3506 | D:3      | Found an ornate altar of the Wu Jian Council.
  3512 | D:3      | Learned a level 4 spell: Summon Blazeheart Golem
  3949 | D:4      | Found an iron altar of Okawaru.
  4159 | D:4      | Found a shimmering blue altar of Sif Muna.
  4273 | D:4      | Reached skill level 5 in Summonings
  4358 | D:4      | Reached skill level 5 in Stealth
  4740 | D:5      | Entered Level 5 of the Dungeon
  4748 | D:5      | Reached skill level 1 in Fire Magic
  4941 | D:5      | Reached XP level 7. HP: 42/45 MP: 5/12
  5030 | D:5      | Noticed Blork the orc
  5031 | D:5      | Got the Excursus on the Scorching Tundra
  5039 | D:5      | Killed Blork the orc
  5326 | D:5      | Noticed Duvessa
  5326 | D:5      | Noticed Dowan
  5449 | D:5      | Found a white marble altar of Elyvilon.
  5581 | D:6      | Found a shadowy altar of Dithmenos.
  5624 | D:6      | Noticed a shadow
  5629 | D:6      | Found a hazy altar of Hepliaklqana.
  5670 | D:6      | Reached skill level 6 in Stealth
  5670 | D:6      | Reached XP level 8. HP: 25/52 MP: 3/13
  5677 | D:6      | HP: 1/52 [killer bee (9)]
  5916 | D:6      | Noticed Maggie
  5932 | D:6      | Maggie changed into Maggie the acid dragon
  5932 | D:6      | Noticed Maggie
  5936 | D:6      | Killed Maggie the acid dragon
  5941 | D:6      | Noticed Edmund
  5977 | D:6      | Killed Edmund
  6018 | D:6      | Noticed bungle's ghost (weakling GnDe)
  6142 | D:6      | Found a runed translucent door.
  6170 | D:6      | Killed bungle's ghost
  6436 | D:6      | Found a staircase to the Ecumenical Temple.
  6450 | D:6      | Reached skill level 7 in Stealth
  6495 | Temple   | Entered the Ecumenical Temple
  6505 | Temple   | Became a worshipper of Gozag Ym Sagoz the Greedy
  6626 | D:7      | Noticed a nameless horror
  6632 | D:7      | Killed a nameless horror
  6922 | D:6      | Reached skill level 1 in Polearms
  6922 | D:6      | Reached skill level 5 in Dodging
  6922 | D:6      | Reached XP level 9. HP: 31/58 MP: 3/15
  7043 | D:6      | Learned a level 4 spell: Summon Lightning Spire
  7116 | D:7      | Reached skill level 1 in Air Magic
  7215 | D:7      | Noticed a manticore
  7432 | D:7      | Killed a manticore
  7433 | D:7      | Reached skill level 5 in Spellcasting
  7734 | D:7      | Noticed a cyclops
  7742 | D:7      | Killed a cyclops
  7743 | D:7      | Reached skill level 5 in Fighting
  7743 | D:7      | Reached skill level 8 in Stealth
  7856 | D:7      | Reached XP level 10. HP: 66/66 MP: 8/17
  9164 | D:7      | Found a broken altar of Ashenzari.
 10315 | D:8      | Reached skill level 5 in Polearms
 10318 | D:8      | Noticed Grum
 10328 | D:8      | Killed Grum
 10329 | D:8      | Reached skill level 5 in Fire Magic
 11164 | D:9      | Noticed a two-headed ogre
 11174 | D:9      | Killed a two-headed ogre
 11175 | D:9      | Reached skill level 9 in Stealth
 11309 | D:9      | Identified the +3 hand axe of Takisaem {elec, rPois rCorr
                  | Stlth+}
 11730 | D:9      | Reached XP level 11. HP: 72/72 MP: 13/19
 12244 | D:1      | Bought a scroll of identify for 26 gold pieces
 12244 | D:1      | Bought a scroll of poison for 52 gold pieces
 12244 | D:1      | Bought a scroll of teleportation for 39 gold pieces
 12333 | D:5      | Killed Dowan
 12339 | D:5      | Killed Duvessa
 12615 | D:10     | Entered Level 10 of the Dungeon
 12658 | D:10     | Noticed a two-headed ogre
 12668 | D:10     | Killed a two-headed ogre
 12999 | D:10     | Reached skill level 5 in Air Magic
 13427 | D:10     | Found a staircase to the Orcish Mines.
 14336 | D:11     | Noticed a two-headed ogre
 14347 | D:11     | Killed a two-headed ogre
 14671 | D:11     | Noticed a death yak
 14679 | D:11     | Noticed a death yak
 14680 | D:11     | Noticed a death yak
 14685 | D:11     | Killed a death yak
 14686 | D:11     | Noticed a death yak
 14686 | D:11     | Noticed a death yak
 14707 | D:11     | Killed a death yak
 14709 | D:11     | Reached skill level 10 in Stealth
 14710 | D:11     | Killed a death yak
 14710 | D:11     | Killed a death yak
 14710 | D:11     | Killed a death yak
 14711 | D:11     | Reached XP level 12. HP: 35/80 MP: 4/21
 15047 | D:11     | Noticed a boulder beetle
 15055 | D:11     | Killed a boulder beetle
 15228 | D:11     | Found a staircase to the Lair.
 15250 | D:11     | Noticed a centaur warrior
 15267 | D:11     | Killed a centaur warrior
 15377 | D:11     | Found a runed translucent door.
 15446 | D:11     | Found a runed translucent door.
 15446 | D:11     | Noticed an occultist
 16112 | D:11     | Found a runed translucent door.
 16112 | D:11     | Noticed an ogre mage
 16114 | D:11     | Found a runed translucent door.
 16114 | D:11     | Found a runed translucent door.
 16122 | D:11     | Killed an ogre mage
 16552 | D:11     | Identified the +5 long sword of Extremism {flame, +Blink}
 16552 | D:11     | Noticed a centaur warrior
 16567 | D:11     | Mangled by a centaur warrior

Illustrated notes .lP## ll.P# PPll ##PlP

##### #... #...#
#l. ###...#
#h###.....#
#.@.......#
####......#
#......####
#.........# ###
#......##.####..
#......##.##...#
#......##....###
#......##..#####
####+####>......


Turn 1869 on D:2: L

Levels and vault maps discovered:
D:1:      arrival_aquarium_b, layout_basic,
          hellmonk_ecumenical_altar_slurped_away, serial_shops,
          nicolae_shop_getting_attention
D:2:      layout_basic, minmay_lizard_king, uniq_natasha
D:3:      minmay_recursive_quarters, layout_loops_ring,
          nzn_wu_jian_contemplation
D:4:      layout_basic, lemuel_doored_altar, nicolae_overflow_hidden_temple,
          kennysheep_generic_room_12
D:5:      dreamdust_elfheim, layout_cave_pools, nicolae_elyvilon_peaceful_grove,
          uniq_blork_the_orc
D:6:      layout_rooms, riverfiend_overflow_shadow_ancestor, temple_green,
          hellmonk_ghost_happy_afterlife, uniq_edmund, uniq_maggie
D:7:      nzn_winding_woodlands_cross
          [nzn_winding_woodlands_5x15_river_crossing,
          nzn_winding_woodlands_5x15_eye,
          nzn_winding_woodlands_5x15_lazy_stream,
          nzn_winding_woodlands_5x15_sidewinder,
          nzn_winding_woodlands_15x15_five_gardens], layout_loops_cross,
          nicolae_ashenzari_skybound
D:8:      layout_basic, uniq_grum
D:9:      layout_cave_pools
D:10:     layout_loops_corners, david_orc_3
D:11:     minmay_the_grid_triangle_9x9_rhombus_full
          [minmay_the_grid_triangle_9x9_tough_junction,
          minmay_the_grid_triangle_9x9_skeleton,
          minmay_the_grid_triangle_9x9_intruding_spiral,
          minmay_the_grid_triangle_9x9_limited_checkers,
          minmay_the_grid_triangle_9x9_steps,
          minmay_the_grid_triangle_9x9_longest,
          minmay_the_grid_triangle_9x9_fully_insulated_deathbox,
          minmay_the_grid_triangle_9x9_prize_center], layout_irregular_city,
          dpeg_lair_monsters
Temple:   minmay_freezing_vapour_temple

Skill      XL: |  1  2  3  4  5  6  7  8  9 10 11 12 |
---------------+-------------------------------------+-----
Stealth        | 3 4 5 6 7 8 9 10 | 10.9
Fighting       | 1 2 3 4 5 6 7 |  7.3
Dodging        | 3 4 5 6 7 |  7.9
Spellcasting   | 3 4 5 6 7 |  7.0
Summonings     | 5 6 7 8 |  8.4
Fire Magic     | 1 2 3 4 5 7 8 |  8.3
Polearms       | 1 3 5 6 |  6.6
Air Magic      | 2 4 6 7 |  7.0

Action                     |  1- 3 |  4- 6 |  7- 9 | 10-12 || total
---------------------------+-------+-------+-------+-------++-------
  Melee: Unarmed           |    14 |       |       |       ||    14
         Constrict         |    11 |    17 |     6 |    22 ||    56
         Tentacles         |     9 |    16 |    12 |    31 ||    68
         Dagger            |    39 |    21 |       |       ||    60
         Trident           |       |    40 |    55 |   167 ||   262
         Punch             |       |     1 |     1 |     1 ||     3
         Hand axe          |       |       |       |     6 ||     6
  Throw: Dart              |       |       |       |     3 ||     3
   Cast: Summon Small Mamm |    28 |    32 |    26 |     3 ||    89
         Call Imp          |    13 |    14 |    14 |     6 ||    47
         Call Canine Famil |     1 |    15 |    13 |    18 ||    47
         Summon Blazeheart |       |     1 |    14 |    38 ||    53
         Summon Lightning  |       |       |     1 |    24 ||    25
 Invoke: Potion Petition   |       |       |       |     1 ||     1
  Evoke: Wand              |       |       |     7 |     2 ||     9
    Use: Scroll            |       |       |    16 |    12 ||    28
         Potion            |       |       |     6 |     6 ||    12
   Stab: Sleeping          |     5 |    12 |     1 |     3 ||    21
         Paralysed         |       |       |     1 |       ||     1
         Distracted        |       |       |       |     4 ||     4
         Invisible         |       |       |       |     4 ||     4
 Armour: Skin              |    28 |    36 |    62 |   122 ||   248
  Dodge: Dodged            |    45 |    36 |    57 |   105 ||   243

Table legend: (Time is in decaauts)
 A = Elapsed time spent in this place.
 B = Non-inter-level travel time spent in this place.
 C = Inter-level travel time spent in this place.
 D = Time resting spent in this place.
 E = Time spent auto-exploring this place.
 F = Levels seen in this place.
 G = Mean time per level.
                   A        B        C        D        E       F      G
               +--------+--------+--------+--------+--------+-----+--------+
         Total |  16590 |  15619 |    971 |   5198 |   7221 |  12 | 1382.5 |
       Dungeon |  16575 |  15609 |    966 |   5198 |   7221 |  11 | 1506.8 |
        Temple |     15 |     10 |      5 |      0 |      0 |   1 |   15.0 |
               +--------+--------+--------+--------+--------+-----+--------+

Top non-repeatable levels by time:
     D:7: 2812 daAuts
    D:11: 2246 daAuts
     D:6: 1970 daAuts
    D:10: 1704 daAuts
     D:1: 1504 daAuts
     D:3: 1261 daAuts
     D:2: 1258 daAuts
     D:5: 1025 daAuts
     D:8: 1003 daAuts
     D:9: 932 daAuts
     D:4: 857 daAuts
  Temple: 15 daAuts
